 Dungeon Crawl Stone Soup version 0.23-a0-629-gae4348f (webtiles) character file.

7 Lanoc the Grave Robber (level 1, -2/13 HPs)
             Began as a Demonspawn Necromancer on Dec 25, 2018.
             Killed from afar by a dart slug (6 damage)
             ... with a slug dart
             ... on level 1 of the Dungeon.
             The game lasted 00:01:02 (336 turns).

Lanoc the Grave Robber (Demonspawn Necromancer)      Turns: 336, Time: 00:01:03

Health: -2/13      AC:  2    Str:  8    XL:     1   Next: 91%
Magic:  1/3        EV: 12    Int: 16    God:
Gold:   14         SH:  0    Dex: 13    Spells: 3/4 levels left

rFire    . . .     SeeInvis .   (no weapon)
rCold    . . .     Gourm    .   (no shield)
rNeg     . . .     Faith    .   a - +0 robe
rPois    .         Spirit   .   (no helmet)
rElec    .         Reflect  .   (no cloak)
rCorr    .         Harm     .   (no gloves)
MR       .....                  (no boots)
Stlth    ++........             (no amulet)
HPRegen  0.04/turn              (no ring)
MPRegen  0.08/turn              (no ring)

@: no status effects
A: no striking features
a: no special abilities


You were on level 1 of the Dungeon.
You were not hungry.

You visited 1 branch of the dungeon, and saw 1 of its levels.

You collected 14 gold pieces.

Inventory:

Armour
 a - a +0 robe (worn)
Scrolls
 b - a scroll of random uselessness {unknown}
 h - a scroll of blinking {unknown}
Potions
 d - a potion of curing {unknown}
 e - a potion of might {unknown}
 f - a potion of flight {unknown}
Comestibles
 c - 2 rations
 g - 6 chunks of flesh


   Skills:
 + Level 2.0 Dodging
 - Level 1.7 Stealth
 + Level 2.2 Spellcasting
 + Level 4.5 Necromancy


You had 3 spell levels left.
You knew the following spells:

 Your Spells              Type           Power        Failure   Level  Hunger
a - Pain                  Necr           ###.         3%          1    #......

Your spell library contained the following spells:

 Spells                   Type           Power        Failure   Level  Hunger
 Animate Skeleton         Necr           N/A          3%          1    #......
 Vampiric Draining        Necr           ###.......   10%         3    ###....
 Regeneration             Chrm/Necr      #.........   24%         3    ###....
 Animate Dead             Necr           N/A          30%         4    #####..


Dungeon Overview and Level Annotations

Branches:
Dungeon (1/15)

Altars:


Message History

Casting: Pain (safe; 3% risk of failure)
Confirm with . or Enter, or press ? or * to list all spells.
Aiming: Pain (safe; 3% risk of failure)
Press: ? - help, Shift-Dir - straight line, f - dart slug
Aim: a dart slug (resting, chance to defeat MR: 87%)
The dart slug writhes in agony!
The dart slug bites you.
You hit the dart slug but do no damage.
The dart slug is lightly wounded.
The dart slug barely misses you.
You hit the dart slug.
The dart slug is lightly wounded.
The dart slug bites you.
You hit the dart slug.
The dart slug is moderately wounded.
You hit the dart slug.
The dart slug is heavily wounded.
The dart slug launches a dart at you. The slug dart hits you!
You die...

#.......# #.......# #
#.......#.# #........
#......###... ###
#............ ####..
#.#...#..####.....
#.#.....##.......#
#####@#....##.....####
#....w.>..##....#.#...
#.........#....##.....
#........##....#....##
#......#.#....####..#.
#......#†#...##.......
#......#.#...#....#...
#......#.#...#....#...
#.....b#.#...#....#...


You could see a dart slug.

Vanquished Creatures
  2 goblins (D:1)
  2 jackals (D:1)
  A bat (D:1)
  2 frilled lizards (D:1)
7 creatures vanquished.

Notes
Turn   | Place    | Note
-------+----------+-------------------------------------------
     0 | D:1      | Lanoc the Demonspawn Necromancer began the quest for the
                  | Orb.
     0 | D:1      | Reached XP level 1. HP: 13/13 MP: 3/3
   336 | D:1      | Killed from afar by a dart slug

Vault maps used:
D:1:      dpeg_arrival_circle_labyrinth_c, serial_glass, glass_columns_c,
          glass_columns_a, minmay_split_cup_large

Skill      XL: |  1 |
---------------+----+-----
Dodging        | 2 |  2.0
Stealth        | |  1.7
Spellcasting   | |  2.2
Necromancy     | |  4.5

Action                   || total
-------------------------++-------
Melee: Unarmed           ||    12
 Cast: Pain              ||     7
Armor: Robe              ||     3
Dodge: Dodged            ||     7

Table legend:
 A = Non-vault XP
 B = Vault XP
 C = Vault XP percentage of total XP
 D = Non-vault monster count
 E = Vault monster count
 F = Vault count percentage of total count
                 A         B        C        D         E       F
            +---------+---------+-------+---------+---------+-------
      Total |      11 |       0 |   0.0 |       7 |       0 |   0.0
            +---------+---------+-------+---------+---------+-------
        D:1 |      11 |       0 |   0.0 |       7 |       0 |   0.0
            +---------+---------+-------+---------+---------+-------
